 Dungeon Crawl Stone Soup version 0.30-a0-368-g86fb4627a9 (webtiles) character file.

Game seed: 10502231980997603580

494 123456 the Digger (level 7, 0/36 HPs)
             Began as a Gargoyle Earth Elementalist on Nov 19, 2022.
             Slain by a gnoll
             ... wielding a +0 spear
              (3 damage)
             ... on level 4 of the Dungeon.
             The game lasted 00:06:54 (4109 turns).

123456 the Digger (Gargoyle Earth Elementalist)     Turns: 4109, Time: 00:06:55

Health: 0/36       AC:  8    Str: 12    XL:     7   Next: 15%
Magic:  0/12       EV: 12    Int: 17    God:
Gold:   88         SH:  0    Dex: 10    Spells: 9/13 levels left

rFire   . . .      SeeInvis .    y - +1 dagger (vamp)
rCold   . . .      Faith    .    (no shield)
rNeg    + . .      Spirit   .    a - +0 robe
rPois   ∞          Reflect  .    (no helmet)
rElec   +          Harm     .    f - +0 cloak
rCorr   .          Rampage  .    (no gloves)
Will    +....                    p - +0 pair of boots
Stlth   ++........               (no amulet)
HPRegen 0.26/turn                z - ring of willpower
MPRegen 0.13/turn                (no ring)

@: very slightly contaminated
A: sickness immunity, AC +4, negative energy resistance 1, electricity
resistance, torment resistance 1, petrification resistance
a: no special abilities


You were on level 4 of the Dungeon.
You visited 1 branch of the dungeon, and saw 4 of its levels.
You also visited: Sewer.

You collected 154 gold pieces.
You spent 66 gold pieces at shops.

Inventory:

Hand Weapons
 y - a +1 vampiric dagger (weapon)
Armour
 a - a +0 robe (worn)
 f - a +0 cloak (worn)
 p - a +0 pair of boots (worn)
Jewellery
 c - a ring of ice
 z - a ring of willpower (left hand)
Wands
 r - a wand of paralysis (4)
Scrolls
 l - a scroll of noise {unknown}
 m - 3 scrolls of enchant armour {unknown}
 o - 3 scrolls of immolation {unknown}
 q - a scroll of fog {unknown}
 s - 2 scrolls of enchant weapon {unknown}
 t - 2 scrolls of teleportation
 u - 2 scrolls of identify {unknown}
 v - a scroll of acquirement {unknown}
 x - a scroll of magic mapping {unknown}
Potions
 b - a potion of magic
 d - a potion of brilliance {unknown}
 e - 3 potions of haste
 g - 2 potions of ambrosia {unknown}
 h - 3 potions of curing
 i - 3 potions of attraction {unknown}
 j - 3 potions of resistance {unknown}
 k - 2 potions of might {unknown}
 n - 2 potions of berserk rage {unknown}
 w - 4 potions of mutation {unknown}
 A - a potion of lignification {unknown}


   Skills:
 + Level 2.8 Dodging
 + Level 4.0 Stealth
 * Level 3.9 Spellcasting
 + Level 2.4 Conjurations
 - Level 0.7 Transmutations
 * Level 5.9 Earth Magic


You had 9 spell levels left.
You knew the following spells:

 Your Spells              Type           Power      Damage    Failure   Level
a - Sandblast             Erth           46%        2d11      1%          1
b - Stone Arrow           Conj/Erth      34%        3d9       9%          3

Your spell library contained the following spells:

 Spells                   Type           Power      Damage    Failure   Level
 Passwall                 Tmut/Erth      11%        N/A       6%          2
 Petrify                  Tmut/Erth      14%        N/A       38%         4


Dungeon Overview and Level Annotations

Branches:
Dungeon (4/15)              Sewer (visited)
 Temple: D:4-7

Altars:
Hepliaklqana

Shops:
D:2 ?


Innate Abilities, Weirdness & Mutations

You are immune to sickness and miasma.
Your stone body is resilient. (AC +4)
You are immune to poison.
You resist negative energy. (rN+)
You are resistant to electric shocks. (rElec)
You are resistant to unholy torment.
You are immune to petrification.


Message History

You are too injured to fight recklessly!
You are too injured to fight recklessly!
Unknown command.
Casting: Sandblast (safe; 1% risk of failure)
Confirm with . or Enter, or press ? or * to list all spells.
Aiming: Stone Arrow (dangerous; 9% risk of failure)
Press: ? - help, Shift-Dir - straight line, f/p - gnoll
Aim: a gnoll, wielding a +1 halberd of venom (almost dead, 72% to hit)
The stone arrow hits the gnoll!!
You kill the gnoll!
Unknown command.
Casting: Stone Arrow (dangerous; 9% risk of failure)
Confirm with . or Enter, or press ? or * to list all spells.
Aiming: Stone Arrow (dangerous; 9% risk of failure)
Press: ? - help, Shift-Dir - straight line, f - gnoll
Aim: a gnoll, wielding a +0 flail (heavily wounded, 72% to hit)
The stone arrow misses the gnoll.
Unknown command.
Casting: Stone Arrow (dangerous; 9% risk of failure)
Confirm with . or Enter, or press ? or * to list all spells.
Aiming: Stone Arrow (dangerous; 9% risk of failure)
Press: ? - help, Shift-Dir - straight line, f/p - gnoll
Aim: a gnoll, wielding a +0 flail (heavily wounded, 72% to hit)
You miscast Stone Arrow.
You are very lightly contaminated with residual magic.
Nothing appears to happen.
The gnoll hits you with a +0 flail.
Unknown command.
The gnoll attacks as you move away! The gnoll hits you with a +0 flail!
* * * LOW HITPOINT WARNING * * *
You barely miss the gnoll. You punch the gnoll.
The gnoll is almost dead.
The gnoll hits you with a +0 flail.
* * * LOW HITPOINT WARNING * * *
Aiming: Sandblast (safe; 1% risk of failure)
Press: ? - help, Q - select action, (/) - cycle Shift-Dir - straight line, f/p - gnoll
Aim: a gnoll, wielding a +0 flail (almost dead, 85% to hit)
The blast of sand hits the gnoll!
You kill the gnoll!
The gnoll hits you from afar with a +0 spear.
You die...

#.# ... #.#
#.# ...
#######..#
#g#
#.<.......
#.#
#.#####...
#.########.#
#.g)@......#
############


You could see a gnoll.

Vanquished Creatures
  2 kobold brigands (D:3)
  An orc priest (D:2)
  3 jellies (Sewer)
  An orc wizard (D:2)
  6 gnolls
  2 adders
  2 river rats (Sewer)
  A worm (D:1)
  2 dart slugs
  3 orcs (D:2)
  7 bats
  14 endoplasms
  9 giant cockroaches
  8 goblins
  9 hobgoblins
  4 jackals (D:1)
  16 kobolds
  6 quokkas
  11 ball pythons
  7 frilled lizards
  7 rats
121 creatures vanquished.

Notes
Turn   | Place    | Note
-------+----------+-------------------------------------------
     0 | D:1      | 123456 the Gargoyle Earth Elementalist began the quest for
                  | the Orb.
     0 | D:1      | Reached XP level 1. HP: 10/10 MP: 3/3
   175 | D:1      | Reached XP level 2. HP: 14/15 MP: 0/5
   299 | D:1      | Reached skill level 4 in Earth Magic
   495 | D:1      | Reached XP level 3. HP: 19/19 MP: 4/6
   499 | D:1      | Learned a level 3 spell: Stone Arrow
  1550 | D:2      | Reached XP level 4. HP: 24/24 MP: 6/8
  1572 | D:2      | Found Caafojyi's Magic Scroll Shoppe.
  1878 | D:2      | Found a faded altar of an unknown god.
  2041 | D:2      | Found a hazy altar of Hepliaklqana.
  2253 | D:2      | Bought a scroll of teleportation for 33 gold pieces
  2253 | D:2      | Bought a scroll of teleportation for 33 gold pieces
  2344 | D:3      | Found a glowing drain.
  2464 | Sewer    | Entered a sewer
  2600 | Sewer    | Reached skill level 1 in Conjurations
  2631 | Sewer    | Reached XP level 5. HP: 28/28 MP: 4/9
  2805 | Sewer    | Reached skill level 5 in Earth Magic
  2874 | Sewer    | Found a viscous altar of Jiyva.
  2912 | Sewer    | Reached XP level 6. HP: 32/32 MP: 7/10
  3617 | D:3      | HP: 1/32 [kobold brigand/+1 dagger of draining (7)]
  3636 | D:3      | Reached XP level 7. HP: 12/36 MP: 0/12
  4109 | D:4      | Slain by a gnoll

Illustrated notes

Levels and vault maps discovered:
D:1:      scummos_arrival_forest, layout_basic, minmay_pentomino_s2
D:2:      layout_rooms, serial_shops, shop_statue, basic_altar,
          shapermc_ecumenical_altar_notcrosses, nrook_campfire
D:3:      cheibrodos_thug_alley, layout_rooms, portal_sewer_entry_f
D:4:      layout_loops_ring, minmay_diced_spiral

Skill      XL: |  1  2  3  4  5  6 |
---------------+-------------------+-----
Earth Magic    | 4 5 |  5.9
Dodging        | 2 |  2.8
Stealth        | 3 4 |  4.0
Conjurations   | 1 2 |  2.4
Spellcasting   | 3 |  3.9
Transmutations | |  0.7

Action                   |  1- 3 |  4- 6 |  7- 9 || total
-------------------------+-------+-------+-------++-------
Melee: Dagger            |    11 |    32 |     1 ||    44
       Short sword       |     1 |       |       ||     1
       Punch             |       |       |     1 ||     1
 Cast: Sandblast         |    51 |   109 |     7 ||   167
       Stone Arrow       |       |     6 |     2 ||     8
  Use: Potion            |       |     3 |       ||     3
 Stab: Sleeping          |     1 |       |       ||     1
Armor: Robe              |    15 |    43 |       ||    58
Dodge: Dodged            |    33 |   100 |     1 ||   134

Table legend: (Time is in decaauts)
 A = Elapsed time spent in this place.
 B = Non-inter-level travel time spent in this place.
 C = Inter-level travel time spent in this place.
 D = Time resting spent in this place.
 E = Time spent auto-exploring this place.
 F = Levels seen in this place.
 G = Mean time per level.
                   A        B        C        D        E       F      G
               +--------+--------+--------+--------+--------+-----+--------+
         Total |   4215 |   4071 |    144 |    599 |   2671 |   5 |  843.0 |
       Dungeon |   3672 |   3528 |    144 |    599 |   2268 |   4 |  918.0 |
         Sewer |    543 |    543 |      0 |      0 |    403 |   1 |  543.0 |
               +--------+--------+--------+--------+--------+-----+--------+

Top non-repeatable levels by time:
     D:1: 1529 daAuts
     D:2: 1107 daAuts
     D:3: 1009 daAuts
   Sewer: 543 daAuts
     D:4: 26 daAuts
